 Dungeon Crawl Stone Soup version 0.17.0-57-g0e89251 (webtiles) character file.

1153 Miyamura the Archer (level 8, -1/67 HPs)
             Began as a Centaur Hunter on Dec 6, 2015.
             Killed by divine providence
             ... invoked by an orc priest
              (7 damage)
             ... on level 4 of the Dungeon on Dec 7, 2015.
             The game lasted 00:26:44 (6832 turns).

Miyamura the Archer (Centaur Hunter)                Turns: 6832, Time: 00:26:44

Health: -1/67      AC: 12    Str: 16    XL:     8   Next: 16%
Magic:  8/8        EV:  8    Int: 10    God:
Gold:   237        SH:  0    Dex: 11    Spells: 0 memorised, 7 levels left

rFire  + . .     SeeInvis .     m - +0 long sword
rCold  . . .     Clarity  .     c - +0 leather armour
rNeg   . . .     SustAt   .     (no shield)
rPois  .         Gourm    .     (no helmet)
rElec  .         Spirit   .     z - +2 cloak
rCorr  .         Warding  .     H - +0 pair of gloves
rMut   .         Stasis   .     F - +0 centaur barding
MR     .....                    (no amulet)
Stlth  +.........               g - ring of protection from fire
                                k - ring of flight

@: very quick, not resistant to hostile enchantments, very unstealthy
A: hooves 3, deformed body, speed 2, tough skin 3
a: Evoke Flight


You were on level 4 of the Dungeon.
You were very hungry.

You visited 1 branch of the dungeon, and saw 5 of its levels.

You collected 237 gold pieces.

Inventory:

Hand Weapons
 a - a +1 shortbow
 m - a +0 long sword (weapon)
 x - a cursed +0 blowgun
Missiles
 d - 38 arrows
 G - 4 curare-tipped needles
Armour
 c - a +0 leather armour (worn)
 z - a +2 cloak (worn)
 E - a cursed +0 ring mail
 F - a +0 centaur barding (worn)
 H - a +0 pair of gloves (worn)
Jewellery
 g - a ring of protection from fire (right hand)
 k - a ring of flight (left hand)
Wands
 t - a wand of magic darts (19)
 w - a wand of magic darts (20)
 y - a wand of random effects (32)
 I - a wand of disintegration (13)
Scrolls
 n - a scroll of blinking
 q - a scroll of enchant weapon
 s - a scroll of fog {unknown}
 u - a scroll of recharging {unknown}
 B - 2 scrolls of identify
 C - a scroll of fear
 D - a scroll of remove curse
 J - a scroll of magic mapping {unknown}
Potions
 h - 3 potions of curing
 i - a potion of flight {unknown}
 j - a potion of might {unknown}
 l - a potion of invisibility {unknown}
 p - 3 potions of haste {unknown}
 v - a potion of poison {unknown}
 A - a potion of agility {unknown}
 K - a potion of magic {unknown}
Comestibles
 b - 2 beef jerkies
 e - 4 bread rations
 f - 2 meat rations
 o - a slice of pizza
 r - a royal jelly


   Skills:
 + Level 4.7 Fighting
 + Level 3.3 Long Blades
   Level 0.0 Staves
 * Level 9.6 Bows
 - Level 1.0 Armour
 + Level 3.4 Dodging
 - Level 0.5 Stealth


You had 7 spell levels left.
You didn't know any spells.

Dungeon Overview and Level Annotations

Branches:
Dungeon (5/15)
 Temple: D:4-7

Altars:
Elyvilon
Kikubaaqudgha
Nemelex Xobeh
Vehumet
The Shining One

Annotations:
D:5 1 runed door


Innate Abilities, Weirdness & Mutations

You have hooves in place of feet.
Armour fits poorly on your strangely shaped body.
You cover ground very quickly.
You have extremely tough skin (AC +3).


Message History

Read which item? (? for menu, Esc to quit)
Okay, then.
You barely miss the orc priest. The orc hits you but does no damage.
The orc priest invokes the aid of Beogh against you.
Something smites you!
You barely miss the orc priest. The orc hits you but does no damage.
The orc priest miscasts a cantrip.
The orc hits you but does no damage.
You closely miss the orc priest.
The orc priest hits you but does no damage.
The orc hits you with a short sword.
You hit the orc priest. Your kick misses the orc priest.
The orc priest is moderately wounded.
The orc priest mumbles some strange prayers to Beogh against you.
Something smites you!
* * * LOW HITPOINT WARNING * * *
The orc misses you.
The orc priest mumbles some strange prayers to Beogh against you.
Something smites you!
You die...

...........# #..........#
...........# #..........##
..#...##...# #...........##
.#..######.# ##...........#
##.## #.## ##........#.#
.#.# #..# #........### .#.#
#..#########.......## ...#
###.........###......# ...#
##.......o@...###....##
...####........o##..####..##
....##..####...####..####.#
....##.## ##...# ##..##..#
.......# ##..# ##....##
......## #..# ######
.......## ##.## ###
........#####..# ##.#
)........##...## ##.##


You could see an orc priest and an orc.

Vanquished Creatures
  Pikel (D:4)
  An ice beast (D:5)
  Blork the orc (D:4)
  A crimson imp (D:5)
  4 hounds
  Crazy Yiuf (D:3)
  A jelly (D:3)
  A giant frog skeleton (D:4)
  3 orc wizards
  Jessica (D:3)
  A worker ant (D:4)
  2 adders
  3 oozes
  3 worms (D:2)
  4 giant geckos
  19 orcs
  6 giant cockroaches
  5 hobgoblins
  17 jackals
  9 kobolds
  4 quokkas
  A ball python (D:2)
  9 bats
  4 giant newts
  9 goblins
  11 rats
122 creatures vanquished.

Notes
Turn   | Place    | Note
--------------------------------------------------------------
     0 | D:1      | Miyamura the Centaur Hunter began the quest for the Orb.
     0 | D:1      | Reached XP level 1. HP: 17/17 MP: 1/1
    34 | D:1      | Reached XP level 2. HP: 8/24 MP: 2/2
   109 | D:1      | Upgraded the game from 0.17.0-56-gd8de76c to 0.17.0-57-g0e89251
   825 | D:2      | Reached XP level 3. HP: 28/30 MP: 3/3
   996 | D:1      | Reached skill level 1 in Armour
  1351 | D:2      | Reached skill level 6 in Bows
  1992 | D:2      | Reached XP level 4. HP: 37/37 MP: 4/4
  3161 | D:3      | Noticed Jessica
  3181 | D:3      | Killed Jessica
  3226 | D:3      | Reached XP level 5. HP: 45/45 MP: 5/5
  3600 | D:3      | Found a sparkling altar of Nemelex Xobeh.
  3774 | D:3      | Found a radiant altar of Vehumet.
  3778 | D:3      | Reached skill level 1 in Long Blades
  4264 | D:3      | Found an ancient bone altar of Kikubaaqudgha.
  4271 | D:3      | Reached skill level 7 in Bows
  4501 | D:3      | Noticed Crazy Yiuf
  4525 | D:3      | Killed Crazy Yiuf
  4821 | D:4      | Reached XP level 6. HP: 41/51 MP: 6/6
  5518 | D:4      | Noticed Blork the orc
  5533 | D:4      | Found a white marble altar of Elyvilon.
  5570 | D:4      | Killed Blork the orc
  5570 | D:4      | Reached skill level 8 in Bows
  6078 | D:4      | Reached XP level 7. HP: 58/58 MP: 7/7
  6437 | D:5      | Entered Level 5 of the Dungeon
  6450 | D:5      | Found a glowing golden altar of the Shining One.
  6450 | D:5      | Found a runed door.
  6450 | D:5      | Noticed an angel
  6539 | D:5      | Noticed Pikel
  6647 | D:4      | Killed Pikel
  6647 | D:4      | Reached skill level 9 in Bows
  6647 | D:4      | Reached XP level 8. HP: 46/67 MP: 8/8
  6832 | D:4      | Killed from afar by an orc priest

Action                   |  1- 3 |  4- 6 |  7- 9 || total
-------------------------+-------+-------+-------++-------
Melee: Short sword       |    92 |       |       ||    92
       Long sword        |     3 |   181 |    42 ||   226
 Fire: Shortbow          |    78 |    89 |    45 ||   212
  Use: Scroll            |     4 |     2 |       ||     6
  Eat: Chunk             |     2 |    11 |     1 ||    14
